 Dungeon Crawl Stone Soup version 0.19-a0-27-g415f530 (webtiles) character file.

16 M4edhros the Insei (level 2, 0/23 HPs)
             Began as a Vampire Monk on May 1, 2016.
             Succumbed to an adder's poison
             ... on level 2 of the Dungeon.
             The game lasted 00:00:50 (216 turns).

M4edhros the Insei (Vampire Monk)                    Turns: 216, Time: 00:00:51

Health: 0/23       AC:  2    Str: 10    XL:     2   Next: 41%
Magic:  2/2        EV: 13    Int: 17    God:
Gold:   45         SH:  0    Dex: 16    Spells: 0 memorised, 1 level left

rFire  . . .     SeeInvis +       - Unarmed
rCold  . . .     Gourm    .     a - +0 robe
rNeg   . . .     Faith    .     (no shield)
rPois  .         Spirit   .     (no helmet)
rElec  .         Dismiss  .     (no cloak)
rCorr  .         Reflect  .     (no gloves)
SustAt .         Harm     .     (no boots)
MR     .....                    (no amulet)
Stlth  +++.......               (no ring)
                                (no ring)

@: brilliant, lethally poisoned (0 -> -3), regenerating quickly, not resistant
to hostile enchantments, fairly stealthy
A: fangs 3, see invisible, unbreathing
a: no special abilities


You were on level 2 of the Dungeon.
You were full.

You visited 1 branch of the dungeon, and saw 2 of its levels.

You collected 45 gold pieces.

Inventory:

Missiles
 c - 8 tomahawks (quivered)
Armour
 a - a +0 robe (worn)
Scrolls
 b - a scroll of immolation {unknown}
 e - a scroll of magic mapping {unknown}
 g - a scroll of remove curse {unknown}
 h - a scroll of teleportation {unknown}
Potions
 d - a potion of cancellation
 f - a potion of brilliance


   Skills:
 - Level 2.6 Fighting
 - Level 3.2 Dodging
 - Level 3.0 Stealth
 + Level 5.1 Unarmed Combat


You had one spell level left.
You didn't know any spells.

Dungeon Overview and Level Annotations

Branches:
Dungeon (2/15)

Altars:


Innate Abilities, Weirdness & Mutations

Your natural rate of healing is unusually fast.
You have razor-sharp teeth.
You have supernaturally acute eyesight.
You can survive without breathing.


Message History

You feel sick. The adder misses you. The adder bites you.
* * * LOW HITPOINT WARNING * * *
You closely miss the adder.
The adder is severely wounded.
The adder barely misses you.
You hit the adder.
You kill the adder!
Your Unarmed Combat skill increases to level 5!
You have reached level 2!
* * * LOW HITPOINT WARNING * * *
You feel sick. The giant newt misses you.
You closely miss the giant newt. You closely miss the giant newt.
The giant newt closely misses you.
You barely miss the giant newt.
* * * LOW HITPOINT WARNING * * *
You feel sick. The giant newt barely misses you.
You barely miss the giant newt. Your punch misses the giant newt.
The giant newt barely misses you.
You miss the giant newt.
You die...

#..♣.♣##.##....####
#..#.# #...........
#..#.# ####..#)####
#..#.# #..#.#
#..#.# #..#.#
#..#.# #..#.#
#..#.# #..#.####
#..#.# #........
#.@..# #.##.####
#.#l....>. #.. #.
...#### #. ...# ..
...# #. ...# ♣.
...# .. ...#


You could see a giant newt.

Vanquished Creatures
  An adder (D:2)
  3 goblins
  2 hobgoblins
  A giant newt (D:1)
7 creatures vanquished.

Notes
Turn   | Place    | Note
--------------------------------------------------------------
     0 | D:1      | M4edhros the Vampire Monk began the quest for the Orb.
     0 | D:1      | Reached XP level 1. HP: 17/17 MP: 1/1
     6 | D:1      | Noticed a five-headed hydra
     6 | D:1      | Noticed a polar bear
     7 | D:1      | Noticed a water moccasin
   211 | D:2      | Reached skill level 5 in Unarmed Combat
   211 | D:2      | Reached XP level 2. HP: 2/23 MP: 2/2
   211 | D:2      | HP: 1/23 [poisoned by an adder]
   216 | D:2      | Succumbed to an adder's poison

Vault maps used:
D:1:      onia_arrival_zoo_common, supply_closet_lemuel, minivault_14,
          minivault_14, lemuel_old_faithful
D:2:      elyvilon_altar_5, serial_forest, infiniplex_forest_lined_1,
          infiniplex_forest_zigzag_1, infiniplex_forest_straight_2,
          infiniplex_forest_clump_tiny, infiniplex_forest_lined_corner,
          infiniplex_forest_lined_room_2, infiniplex_forest_straight_3,
          kennysheep_generic_room_4

Skill      XL: |  1 |
---------------+----+-----
Unarmed Combat | 5 |  5.1
Fighting       | |  2.6
Dodging        | |  3.2
Stealth        | |  3.0

Action                   || total
-------------------------++-------
Melee: Unarmed           ||    25
       Bite              ||     2
  Use: Potion            ||     5
 Stab: Sleeping          ||     2
Armor: Robe              ||     1
Dodge: Dodged            ||    14
